AoeStats
← ING.PATRICK

Arabia

504890001Analyzed
1v1 RM · 26d ago on Sep 6, 2026· 26m 27s· 2 players
Game mode
Random Map
Map size
Tiny (2 player)
Population
200
Speed
Normal
Resources
Standard
Victory
Conquest
Starting age
Dark Age
Ending age
Imperial Age
RankedLock teamsTeams togetherTeam positionsShared explorationLock speedFull tech treeHidden civsTurbo modeCheats
Victory
Defeat
🇵🇪 Koreans · Peru
1150
+18
🇲🇽 Ethiopians · Mexico
1185
-18
ING.PATRICK
7:14 Loom
9:28 Feudal Age
9:30 Man-at-Arms
14:53 Fletching
17:21 Arson
17:52 Double-Bit Axe
19:38 Forging
25:18 Castle Age
23:48 Scale Mail Armor
25:22 Long Swordsman
26:18 Chain Mail Armor
26:59 Bodkin Arrow
[A2PL] roqueterpro
7:08 Loom
9:40 Feudal Age
11:11 Fletching
13:28 Padded Archer Armor
15:39 Town Watch
16:36 Forging
25:16 Double-Bit Axe
Connection lost

Rejoining the realm…

Still unreachable

The connection could not be restored.

Session expired

The server has moved on; the page needs a fresh start.